 Dungeon Crawl Stone Soup version 0.28-a0-1447-ga5a8893891 (webtiles) character file.

Game seed: 1145732622366423908

4435 lunkers the Covert (level 10, 0/47 HPs)
             Began as a Spriggan Delver on Jan 11, 2022.
             Was an Initiate of Ashenzari.
             Slain by a centaur (2 damage)
             ... on level 9 of the Dungeon.
             The game lasted 00:23:39 (11257 turns).

lunkers the Covert (Spriggan Delver)               Turns: 11257, Time: 00:23:40

Health: 0/47       AC:  5    Str:  8    XL:     10   Next: 14%
Magic:  33/33      EV: 19    Int: 17    God:    Ashenzari [......]
Gold:   261        SH:  0    Dex: 22    Spells: 26/28 levels left

rFire   . . .      SeeInvis +   a - +2 dagger (elec)
rCold   . . .      Faith    .   (no shield)
rNeg    . . .      Spirit   .   r - +2 robe
rPois   .          Reflect  .   (helmet restricted)
rElec   .          Harm     .   o - +0 cloak
rCorr   .          Rampage  .   (gloves unavailable)
Will    +....                   (boots unavailable)
Stlth   ++++++....              (no amulet)
HPRegen 0.15/turn               p - ring of Ashenzari's Portent {Dex+6, Fort, Cun} (curse)
MPRegen 0.23/turn               C - ring of magical power

@: on berserk cooldown, slowed, quick
A: very small, no large weapons, unfitting armour, see invisible, speed 3
a: Renounce Religion, Shatter the Chains


You were on level 9 of the Dungeon.
You worshipped Ashenzari.
Ashenzari was noncommittal.
You visited 2 branches of the dungeon, and saw 10 of its levels.

You collected 261 gold pieces.

Inventory:

Hand Weapons
 a - a +2 dagger of electrocution (weapon)
 b - a +3 vorpal dagger
Missiles
 v - a curare-tipped dart
Armour
 o - a +0 cloak (worn)
 r - a +2 robe (worn)
 t - an orb of mayhem
 D - a scarf of harm
 H - +0 acid dragon scales
Jewellery
 h - a +6 ring of dexterity
 m - a ring of flight
 p - the cursed ring of Ashenzari's Portent (left hand) {Dex+6, Fort, Cun}
   (You found it on level 4 of the Dungeon)

   [ring of dexterity]

   Dex:       It affects your dexterity (+6).
   It has a curse which improves the following skills: Fortitude: Armour and
   Shields.
   Cunning:   Dodging and Stealth.
 q - a ring of ice
 s - a ring of resist corrosion
 C - a ring of magical power (right hand)
Wands
 g - a wand of digging (3)
Scrolls
 c - a scroll of fog
 d - 3 scrolls of magic mapping
 e - 2 scrolls of fear
 i - a scroll of blinking
 k - a scroll of immolation
 l - 2 scrolls of silence
 w - 2 scrolls of amnesia
 B - 4 scrolls of teleportation
 G - a scroll of enchant weapon
Potions
 f - a potion of haste
 j - a potion of ambrosia
 n - 2 potions of cancellation
 u - a potion of might
 x - a potion of magic {unknown}
 z - a potion of brilliance


   Skills:
 - Level 2.6 Fighting
 - Level 7.5 Short Blades
 - Level 3.1(3.5) Dodging
 - Level 12.0(12.3) Stealth
 + Level 9.8 Spellcasting
 + Level 7.3 Air Magic


You had 26 spell levels left.
You knew the following spells:

 Your Spells              Type           Power      Damage    Failure   Level
b - Poisonous Vapours     Pois/Air       40%        N/A       3%          2

Your spell library contained the following spells:

 Spells                   Type           Power      Damage    Failure   Level
 Corpse Rot               Necr/Air       40%        N/A       3%          2
 Ozocubu's Armour         Ice            8%         N/A       26%         3
 Metabolic Englaciation   Hex/Ice        4%         N/A       94%         5
 Simulacrum               Ice/Necr       4%         N/A       100%        6


Dungeon Overview and Level Annotations

Branches:
Dungeon (9/15)             Temple (1/1) D:7            Lair (0/6) D:9
    Orc: D:9-12

Altars:
Ashenzari
Cheibriados
Dithmenos
Elyvilon
Fedhas
Gozag
Hepliaklqana
Kikubaaqudgha
Makhleb
Okawaru
Qazlal
Ru
Sif Muna
Trog
Uskayaw
Vehumet
Wu Jian
Xom
Yredelemnul
Zin
The Shining One
Beogh

Shops:
D:4 :   D:7 [

Annotations:
D:2 Robin
D:7 1 runed translucent door
D:9 Gastronok


Innate Abilities, Weirdness & Mutations

You are very small and have problems with some larger weapons.
You are too small for most types of armour.
You have supernaturally acute eyesight. (SInv)
You cover ground extremely quickly. (Speed+++)


Message History

You hit the hornet.
The hornet is moderately wounded.
You feel sick. The hornet stings you.
* * * LOW HITPOINT WARNING * * *
You feel as though you will be slow longer.
You puncture the hornet! Lightning courses through the hornet!!
You kill the hornet!
The centaur shoots an arrow.
The arrow completely misses you.
Unknown command.
You feel sick.
There is an open door here.
You hit the centaur.
The centaur is heavily wounded.
You feel sick.
The centaur unwields a +0 shortbow.
The centaur completely misses you. The centaur kicks you.
* * * LOW HITPOINT WARNING * * *
You hit the centaur.
The centaur is severely wounded.
The centaur misses you.
The centaur kicks you but does no damage.
You hit the centaur.
The centaur is almost dead.
You are no longer berserk.
You are exhausted.
You feel as though you will be slow longer.
You feel sick. The centaur barely misses you.
The centaur kicks you but does no damage.
You hit the centaur.
The centaur is almost dead.
You feel sick. The centaur barely misses you.
The centaur kicks you but does no damage.
Unknown command.
You completely miss the centaur.
The centaur is almost dead.
You feel sick.
You are no longer poisoned.
The centaur hits you but does no damage.
The centaur kicks you but does no damage.
The centaur hits you.
You die...

########....#........#
............#........#
............#........#
............#........##+###
.......######........#....#
##.....# ............#....#
.......# ............#....#
.......# .......c....#....#
.......# ...####@#####..[.#
.......# #........#....#
.......# #.............#
.......######.............#
##.....#....#.............#
.#..........#.............#
.#..........####'#####....#
.+..........'........#....#
.#...<.######........#....#


You could see a centaur.

Vanquished Creatures
  A troll (D:9)
  Prince Ribbit (D:6)
  3 hornets
  Menkaure (D:6)
  An acid dragon (D:7)
  5 water moccasins
  Duvessa (D:6)
  5 sky beasts
  An orc warrior (D:8)
  An ice beast (D:7)
  A necrophage (D:5)
  A phantom (D:6)
  3 kobold brigands
  A bullfrog (D:9)
  2 scorpions (D:5)
  3 wyvern skeletons
  Dowan (D:6)
  A water moccasin skeleton (D:5)
  5 killer bees (D:8)
  A wight (D:7)
  A howler monkey (D:9)
  2 centaur zombies (D:6)
  2 bullfrog zombies
  3 orc priests
  A bullfrog skeleton (D:5)
  2 centaur skeletons (D:6)
  3 iguanas
  Crazy Yiuf (D:6)
  Jessica (D:3)
  4 orc wizards
  A killer bee zombie (D:7)
  2 hound skeletons
  2 howler monkey skeletons
  6 adders
  A shadow imp (D:8)
  2 ufetubi (D:4)
  2 worms (D:2)
  2 dart slugs
  32 orcs
  5 ball pythons
  7 endoplasms
  5 giant cockroaches
  16 goblins
  4 hobgoblins
  4 jackals
  2 quokkas (D:1)
  5 bats
  8 frilled lizards (D:1)
  14 kobolds
  5 rats
184 creatures vanquished.

Notes
Turn   | Place    | Note
-------+----------+-------------------------------------------
     0 | D:5      | lunkers the Spriggan Delver began the quest for the Orb.
     0 | D:5      | Reached XP level 1. HP: 11/11 MP: 2/2
    13 | D:5      | Noticed an iguana
    18 | D:5      | Killed an iguana
    19 | D:5      | Reached skill level 8 in Stealth
    19 | D:5      | Reached XP level 2. HP: 16/16 MP: 3/3
    48 | D:5      | Noticed a scorpion
    51 | D:5      | Killed a scorpion
    52 | D:5      | Reached skill level 9 in Stealth
    52 | D:5      | Reached XP level 3. HP: 19/19 MP: 4/4
    52 | D:5      | Reached XP level 4. HP: 23/23 MP: 5/5
    54 | D:5      | Reached skill level 10 in Stealth
    56 | D:5      | Noticed a necrophage
    59 | D:5      | Killed a necrophage
    60 | D:5      | Reached skill level 11 in Stealth
    60 | D:5      | Reached XP level 5. HP: 27/27 MP: 6/6
    69 | D:5      | Noticed a water moccasin
    72 | D:5      | Killed a water moccasin
    73 | D:5      | Reached skill level 12 in Stealth
    73 | D:5      | Reached XP level 6. HP: 32/32 MP: 7/7
   646 | D:5      | Noticed a water moccasin
   813 | D:4      | Noticed a yak
   813 | D:4      | Noticed a yak
  1077 | D:4      | Noticed a sky beast
  2004 | D:3      | Noticed Jessica
  2008 | D:3      | Killed Jessica
  2009 | D:3      | Reached XP level 7. HP: 35/35 MP: 8/8
  2046 | D:3      | Reached skill level 5 in Short Blades
  2340 | D:3      | Found a stormy altar of Qazlal.
  2640 | D:2      | Noticed Robin
  4473 | D:3      | Found a faded altar of an unknown god.
  4595 | D:4      | Noticed a yak
  4595 | D:4      | Noticed a yak
  4871 | D:4      | Found Nyroar's Book Boutique.
  5657 | D:5      | Reached skill level 1 in Spellcasting
  5657 | D:5      | Reached XP level 8. HP: 36/39 MP: 10/10
  5847 | D:5      | Learned a level 2 spell: Poisonous Vapours
  5894 | D:6      | Reached skill level 1 in Air Magic
  6069 | D:6      | Noticed Duvessa
  6069 | D:6      | Noticed Dowan
  6073 | D:6      | Killed Dowan
  6149 | D:6      | Killed Duvessa
  6346 | D:6      | Noticed Menkaure
  6346 | D:6      | Noticed Prince Ribbit
  6560 | D:6      | Killed Prince Ribbit
  6561 | D:6      | Reached skill level 5 in Spellcasting
  6632 | D:6      | Found a radiant altar of Vehumet.
  6737 | D:6      | Found a blossoming altar of Fedhas.
  6861 | D:6      | Found a shadowy altar of Dithmenos.
  6940 | D:6      | Reached XP level 9. HP: 43/43 MP: 19/19
  6986 | D:6      | Killed Menkaure
  7147 | D:6      | Found a runed translucent door.
  7148 | D:6      | Noticed Crazy Yiuf
  7219 | D:6      | Killed Crazy Yiuf
  7627 | D:7      | Found a shimmering blue altar of Sif Muna.
  7709 | D:7      | Reached skill level 5 in Air Magic
  7888 | D:7      | Found a staircase to the Ecumenical Temple.
  8091 | D:7      | Found Junuhut's Armour Emporium.
  8336 | Temple   | Entered the Ecumenical Temple
  8384 | Temple   | Became a worshipper of Ashenzari the Shackled
  8486 | D:7      | Found a runed translucent door.
  8487 | D:7      | Found a basalt altar of Yredelemnul.
 10441 | D:9      | Noticed Gastronok
 10445 | D:9      | Found a staircase to the Lair.
 10470 | D:9      | Noticed a troll
 10489 | D:9      | Killed a troll
 10490 | D:9      | Reached XP level 10. HP: 15/47 MP: 24/24
 11257 | D:9      | HP: 2/47 [poisoned by a hornet]
 11257 | D:9      | Slain by a centaur

Illustrated notes

Levels and vault maps discovered:
D:1:      shiori_shiawase, layout_loops_ring, minmay_lizard_pond
D:2:      layout_loops_ring, nrook_uturn, kennysheep_another_room, uniq_robin
D:3:      layout_basic, mainiacjoe_overflow_surrounded_room,
          hellmonk_ecumenical_altar_defaced_shrine, dk_noncrumbling_4,
          uniq_jessica
D:4:      layout_gridville, nicolae_stop_n_shop_1
D:5:      layout_basic, hangedman_minor_gate_pass
D:6:      hellmonk_destroyed_diamonds, layout_loops_ring, fedhas_ov_isle_minmay,
          nicolae_dithmenos_shadow_blocks, mainiacjoe_overflow_catwalk,
          uniq_prince_ribbit1, uniq_menkaure, uniq_crazy_yiuf_cottage,
          uniq_duvessa
D:7:      kb_forest_paths, layout_basic, mainiacjoe_overflow_boulevard,
          dk_yredelemnul_ordeal, minmay_temple_entry_crystal_x, enter_bailey_6,
          serial_shops, nicolae_shop_advertising_works
          [nicolae_subvault_shop_adworks], minmay_misc_feat_room
D:8:      layout_layer_cave, minmay_curled_crystal
D:9:      layout_grid_maze, erik_lair_orcish_takeover, uniq_maggie,
          uniq_gastronok, uniq_harold
Temple:   eino_wide_crystal_templ

Skill      XL: |  1  2  3  4  5  6  7  8  9 |
---------------+----------------------------+-----
Stealth        | 8 9 11 12 | 12.0
Short Blades   | 3 4 7 |  7.5
Dodging        | 3 |  3.1
Spellcasting   | 1 6 9 |  9.8
Air Magic      | 4 7 |  7.3
Fighting       | |  2.6

Action                   |  1- 3 |  4- 6 |  7- 9 | 10-12 || total
-------------------------+-------+-------+-------+-------++-------
Melee: Short sword       |     2 |    95 |       |       ||    97
       Punch             |       |     1 |     9 |       ||    10
       Dagger            |       |       |   649 |    42 ||   691
Throw: Dart              |       |       |     2 |       ||     2
Invok: Curse Item        |       |       |     1 |       ||     1
Evoke: Wand              |       |       |     9 |       ||     9
  Use: Scroll            |       |     2 |    19 |       ||    21
       Potion            |       |       |     3 |     1 ||     4
 Stab: Sleeping          |     2 |    14 |    41 |     1 ||    58
       Distracted        |       |     1 |     4 |       ||     5
Armor: Robe              |       |    10 |    67 |     9 ||    86
       Skin              |       |       |    51 |       ||    51
Dodge: Dodged            |       |    61 |   389 |    19 ||   469

Table legend: (Time is in decaauts)
 A = Elapsed time spent in this place.
 B = Non-inter-level travel time spent in this place.
 C = Inter-level travel time spent in this place.
 D = Time resting spent in this place.
 E = Time spent auto-exploring this place.
 F = Levels seen in this place.
 G = Mean time per level.
                   A        B        C        D        E       F      G
               +--------+--------+--------+--------+--------+-----+--------+
         Total |   8562 |   8379 |    183 |   1697 |   4973 |  10 |  856.2 |
       Dungeon |   8524 |   8350 |    174 |   1697 |   4953 |   9 |  947.1 |
        Temple |     37 |     29 |      8 |      0 |     19 |   1 |   37.0 |
               +--------+--------+--------+--------+--------+-----+--------+

Top non-repeatable levels by time:
     D:7: 1613 daAuts
     D:4: 1541 daAuts
     D:6: 1344 daAuts
     D:5: 990 daAuts
     D:2: 769 daAuts
     D:9: 722 daAuts
     D:3: 619 daAuts
     D:8: 477 daAuts
     D:1: 446 daAuts
  Temple: 37 daAuts
